 Dungeon Crawl Stone Soup version 0.25.1-2-g60ff931df9 (webtiles) character file.

Game seed: 12400042850318019381

384 Martska the Skirmisher (level 6, -1/56 HPs)
             Began as a Naga Warper on Oct 10, 2020.
             Killed from afar by Blork the orc (7 damage)
             ... with a puff of flame
             ... on level 4 of the Dungeon.
             The game lasted 00:11:49 (6106 turns).

Martska the Skirmisher (Naga Warper)                Turns: 6106, Time: 00:11:50

Health: -1/56      AC:  3    Str: 14    XL:     6   Next: 77%
Magic:  11/11      EV: 10    Int: 15    God:
Gold:   137        SH:  0    Dex: 10    Spells: 9/11 levels left

rFire    . . .     SeeInvis +   a - +0 spear
rCold    . . .     Gourm    .   (no shield)
rNeg     . . .     Faith    .   b - +0 leather armour
rPois    +         Spirit   .   (no helmet)
rElec    .         Reflect  .   (no cloak)
rCorr    .         Harm     .   (no gloves)
MR       .....                  (no barding)
Stlth    +.........             p - amulet of the acrobat
HPRegen  0.18/turn              (no ring)
MPRegen  0.12/turn              (no ring)

@: hasted, quick
A: large, see invisible, deformed body, poison resistance, slowness 2, slow
metabolism 1, spit poison 1, AC +2
a: Spit Poison


You were on level 4 of the Dungeon.
You were not hungry.

You visited 1 branch of the dungeon, and saw 4 of its levels.

You collected 137 gold pieces.

Inventory:

Hand Weapons
 a - a +0 spear (weapon)
Missiles
 e - 5 boomerangs of dispersal (quivered)
Armour
 b - a +0 leather armour (worn)
Jewellery
 p - an amulet of the acrobat (around neck)
Wands
 d - a wand of clouds (5)
Scrolls
 h - 4 scrolls of remove curse {unknown}
 i - 5 scrolls of identify {unknown}
 k - a scroll of teleportation {unknown}
 m - a scroll of fear {unknown}
 q - a scroll of enchant armour {unknown}
Potions
 g - 2 potions of stabbing
 j - a potion of haste
 l - a potion of heal wounds {unknown}
 n - a potion of ambrosia {unknown}
 o - a potion of brilliance {unknown}
Comestibles
 f - 5 rations


   Skills:
 * Level 3.6 Fighting
 * Level 3.6 Polearms
 - Level 0.8 Throwing
 + Level 2.0 Armour
 * Level 3.0 Dodging
 - Level 3.3 Spellcasting
 - Level 3.0 Translocations


You had 9 spell levels left.
You knew the following spells:

 Your Spells              Type           Power        Failure   Level  Hunger
a - Blink                 Tloc           N/A          11%         2    ##.....

Your spell library contained the following spells:

 Spells                   Type           Power        Failure   Level  Hunger
 Shroud of Golubria       Chrm/Tloc      #.....       19%         2    ##.....
 Gell's Gravitas          Tloc           ##........   21%         3    ###....
 Lesser Beckoning         Tloc           ##........   21%         3    ###....
 Teleport Other           Tloc           ##......     21%         3    ###....
 Passage of Golubria      Tloc           N/A          56%         4    ####...


Dungeon Overview and Level Annotations

Branches:
Dungeon (4/15)
 Temple: D:4-7

Altars:
Elyvilon
Nemelex Xobeh
Qazlal
Sif Muna

Annotations:
D:4 Blork the orc, Pikel


Innate Abilities, Weirdness & Mutations

You cannot wear boots.
Your serpentine skin is tough. (AC +2)
You have supernaturally acute eyesight. (SInv)
Armour fits poorly on your strangely shaped body.
Your system is resistant to poisons. (rPois)
You cover ground very slowly.
You have a slow metabolism.
You can spit poison.


Message History

Attack whom?
Press: ? - help, Dir - move target cursor, f/p - Blork the orc
Aim: Blork the orc, wielding a +0 mace and wearing a cursed +0 robe (almost dead, fast, poisoned)
You barely miss Blork the orc.
Blork the orc is almost dead.
Attack whom?
Press: ? - help, Dir - move target cursor, f/p - Blork the orc
Aim: Blork the orc, wielding a +0 mace and wearing a cursed +0 robe (almost dead, fast, poisoned)
You hit Blork the orc.
Blork the orc is almost dead.
Blork the orc hits you with a +0 mace.
* * * LOW HITPOINT WARNING * * *
Attack whom?
Press: ? - help, Dir - move target cursor, f/p - Blork the orc
Aim: Blork the orc, wielding a +0 mace and wearing a cursed +0 robe (almost dead, fast, poisoned)
You barely miss Blork the orc.
Blork the orc is almost dead.
Blork the orc points at you and mumbles some strange words.
The puff of flame hits you!
You die...

####.#................#......
#..<.....[......o........._..
#...>..........#####..#.....
#...........#...####..# ....
#...........#.#<.##...# ..
#>............##.#..#.####
....(.........#....##.....
......).###.....o.........
............#...@)...##.###
#.......<[.......
...........##...).
..................
.######(...##..... ######
.... ... .


You could see Blork the orc (fast, poisoned).

Vanquished Creatures
  A slave (D:4)
  An ogre (D:4)
  A bullfrog (D:3)
  A howler monkey (D:4)
  An iguana (D:3)
  A worker ant (D:4)
  5 adders (D:3)
  2 oozes
  3 dart slugs
  2 leopard geckos
  4 orcs (D:3)
  2 ball pythons
  3 giant cockroaches (D:1)
  10 goblins
  5 hobgoblins
  13 jackals
  7 kobolds
  8 bats
  4 frilled lizards
  12 rats
86 creatures vanquished.

Notes
Turn   | Place    | Note
-------+----------+-------------------------------------------
     0 | D:1      | Martska the Naga Warper began the quest for the Orb.
     0 | D:1      | Reached XP level 1. HP: 19/19 MP: 3/3
   240 | D:1      | Reached XP level 2. HP: 13/26 MP: 5/5
  1056 | D:2      | Reached skill level 1 in Armour
  1061 | D:2      | Reached XP level 3. HP: 21/33 MP: 6/6
  1407 | D:2      | Found a sparkling altar of Nemelex Xobeh.
  1877 | D:2      | Found a stormy altar of Qazlal.
  1880 | D:2      | Found a white marble altar of Elyvilon.
  2396 | D:1      | Reached XP level 4. HP: 28/40 MP: 7/7
  3737 | D:3      | Reached XP level 5. HP: 34/48 MP: 9/9
  4296 | D:3      | HP: 2/48 [adder (2)]
  4986 | D:4      | Noticed an ogre
  4994 | D:4      | Killed an ogre
  5018 | D:4      | Reached XP level 6. HP: 7/56 MP: 10/10
  5300 | D:4      | Found a shimmering blue altar of Sif Muna.
  5332 | D:4      | Noticed Blork the orc
  5332 | D:4      | Noticed Pikel
  5592 | D:4      | Noticed a slave
  5620 | D:4      | Killed a slave
  5871 | D:3      | Learned a level 2 spell: Blink
  6106 | D:4      | Killed from afar by Blork the orc

Illustrated notes

Levels and vault maps discovered:
D:1:      onia_arrival_handbag, layout_basic
D:2:      layout_loops_ring, nemelex_xobeh_ov_fountains_minmay,
          gammafunk_temple_overflow_statue, minmay_ruptured
D:3:      layout_loops_ring
D:4:      layout_rooms, old_standard_altar, old_standard_altar,
          old_standard_altar, serial_shops, shop, first_ration,
          uniq_blork_the_orc, uniq_pikel, uniq_natasha, uniq_edmund

Skill      XL: |  1  2  3  4  5  6 |
---------------+-------------------+-----
Armour         | 1 2 |  2.0
Dodging        | 2 3 |  3.0
Polearms       | 3 |  3.6
Fighting       | 3 |  3.6
Spellcasting   | 3 |  3.3
Throwing       | |  0.8
Translocations | |  3.0

Action                   |  1- 3 |  4- 6 || total
-------------------------+-------+-------++-------
Melee: Spear             |   161 |   299 ||   460
 Abil: Spit Poison       |     4 |    15 ||    19
  Use: Scroll            |     1 |       ||     1
       Potion            |       |     7 ||     7
 Stab: Sleeping          |       |     1 ||     1
  Eat: Chunk             |     4 |     5 ||     9
       Ration            |       |     2 ||     2
Armor: Leather armour    |    34 |    56 ||    90
Dodge: Dodged            |    67 |   167 ||   234
